 Dungeon Crawl Stone Soup version 0.17.1-3-g152610e (webtiles) character file.

11652 Heskey the Fighter (level 11, 0/76 HPs)
             Began as a Gargoyle Fighter on Apr 8, 2016.
             Was a High Priest of Okawaru.
             Slain by a seven-headed hydra (7 damage)
             ... on level 11 of the Dungeon.
             The game lasted 00:23:43 (10946 turns).

Heskey the Fighter (Gargoyle Fighter)              Turns: 10946, Time: 00:23:44

Health: 0/76       AC: 31    Str: 28    XL:     11   Next: 81%
Magic:  14/14      EV: 10    Int:  9    God:    Okawaru [*****.]
Gold:   613        SH: 15    Dex: 13    Spells: 0 memorised, 10 levels left

rFire  . . .     SeeInvis .     t - +1 morningstar
rCold  . . .     Clarity  +     C - +0 plate armour {rPois}
rNeg   + . .     SustAt   .     c - +1 shield
rPois  ∞         Gourm    .     d - +2 hat
rElec  +         Spirit   .     (no cloak)
rCorr  .         Warding  .     b - +0 pair of gloves
rMut   .         Stasis   .     h - +2 pair of boots {run}
MR     .....                    w - amulet of clarity
Stlth  ..........               (no ring)
                                o - +4 ring of dexterity

@: mighty, heroism, quick, not resistant to hostile enchantments, extremely
unstealthy
A: mutation resistance 1, negative energy resistance 1, electricity resistance,
unbreathing, petrification resistance, rot immunity, AC +7
a: Heroism, Finesse, Renounce Religion


You were on level 11 of the Dungeon.
You worshipped Okawaru.
Okawaru was extremely pleased with you.
You were hungry.

You visited 1 branch of the dungeon, and saw 12 of its levels.

You collected 613 gold pieces.

Inventory:

Hand Weapons
 t - a +1 morningstar (weapon)
Missiles
 A - 7 steel javelins (quivered)
Armour
 b - a +0 pair of gloves (worn)
 c - a +1 shield (worn)
 d - a +2 hat (worn)
 h - a +2 pair of boots of running (worn)
 C - a +0 plate armour of poison resistance (worn)
Jewellery
 o - a +4 ring of dexterity (left hand)
 w - an amulet of clarity (around neck)
 E - a cursed ring of teleportation {unknown}
Wands
 g - a wand of flame (26)
 p - a wand of digging (15)
 u - a wand of disintegration (9)
 y - a wand of disintegration (19)
 B - a wand of confusion (24)
Scrolls
 f - 3 scrolls of remove curse
 i - 14 scrolls of identify
 k - a scroll of noise
 n - 3 scrolls of magic mapping
 s - 2 scrolls of amnesia
 z - a scroll of recharging {unknown}
 D - a scroll of summoning {unknown}
 F - a scroll of enchant weapon
Potions
 j - 2 potions of cure mutation
 l - a potion of brilliance
 q - 4 potions of curing
 x - a potion of might
 G - a potion of invisibility
Books
 m - a Young Poisoner's Handbook

   Spells                             Type                      Level
   a - Sting                          Conjuration/Poison           1
   b - Cure Poison                    Poison                       2
   c - Mephitic Cloud                 Conjuration/Poison/Air       3
   d - Olgreb's Toxic Radiance        Poison                       4
   e - Venom Bolt                     Conjuration/Poison           5
Comestibles
 a - 2 beef jerkies
 e - 10 bread rations
 r - 3 meat rations
 v - 7 slices of pizza


   Skills:
 * Level 12.7(17.7) Fighting
 + Level 8.5(13.5) Maces & Flails
 + Level 9.6(14.6) Armour
 + Level 9.1(14.1) Shields
 - Level 4.0 Invocations


You had 10 spell levels left.
You didn't know any spells.

Dungeon Overview and Level Annotations

Branches:
Dungeon (12/15)            Temple (0/1) D:5            Lair (0/8) D:11
    Orc (0/4) D:12

Altars:
Dithmenos
Fedhas
Gozag
Nemelex Xobeh
Okawaru
Qazlal
Sif Muna
Trog
The Shining One

Shops:
D:4 *   D:7 }   D:8 }

Annotations:
D:12 Urug


Innate Abilities, Weirdness & Mutations

You are resistant to torment.
Your stone body is resilient (AC +7).
You are immune to poison.
You resist negative energy.
You are resistant to electric shocks.
You can survive without breathing.
You are immune to petrification.
You are immune to rotting.
You are somewhat resistant to further mutation.


Message History

Unknown command.
Unknown command.
You are too injured to fight recklessly!
You are too injured to fight recklessly!
You are too injured to fight recklessly!
You are too injured to fight recklessly!
You hammer the seven-headed hydra like a gong!!!
The seven-headed hydra is almost dead.
The seven-headed hydra bites you but does no damage. x2
The seven-headed hydra bites you!
* * * LOW HITPOINT WARNING * * *
You block the seven-headed hydra's attack.
The seven-headed hydra bites you but does no damage.
You block the seven-headed hydra's attack.
The seven-headed hydra bites you but does no damage.
You hit the seven-headed hydra.
The seven-headed hydra is almost dead.
The seven-headed hydra bites you but does no damage.
The seven-headed hydra bites you!
You die...

##### #...##########
######............###############
.....'.........D@................
######....#######.###............
# #....#######...............) #
#..........#####............ #
#..)######.#....#......).... #
#...# #..................... .
#...# #.....###.#........... ##
#...# #.....###.##.######### .
#...# #......##.##..#


You could see a seven-headed hydra.

Vanquished Creatures
  A hydra (D:12)
  The ghost of CollectiveS the Caller, a journeyman DrSu of Makhleb (D:11)
  Erica (D:11)
  2 hill giants (D:10)
  A gargoyle (D:12)
  A freezing wraith (D:11)
  A troll (D:10)
  A two-headed ogre (D:8)
  A wyvern (D:10)
  A hippogriff (D:4)
  11 yaks
  A human (D:9)
  A soldier ant (D:10)
  4 hungry ghosts
  A water moccasin (D:7)
  2 sky beasts
  3 ice beasts
  5 orc warriors
  An eye of draining (D:11)
  3 phantoms
  4 ogres
  A necrophage (D:10)
  A wasp (D:7)
  2 centaurs
  A gnoll sergeant (D:8)
  The ghost of grippy the Grasshopper, an amateur SpWr (D:3)
  2 big kobolds
  6 giant frogs
  A water moccasin zombie (D:5)
  2 scorpions
  A troll zombie (D:12)
  3 killer bees (D:10)
  4 crimson imps
  2 centaur zombies
  5 jellies
  4 centaur skeletons
  4 orc priests
  2 giant frog zombies (D:5)
  3 hounds
  5 orc wizards
  An iguana (D:8)
  4 sheep (D:9)
  11 worker ants
  4 ogre zombies (D:12)
  A worker ant zombie (D:11)
  A hound skeleton (D:9)
  8 gnolls
  3 shadow imps
  4 adders
  2 oozes
  2 adder skeletons
  A worm (D:2)
  4 giant geckos
  42 orcs
  2 ball pythons
  4 bats
  5 giant cockroaches
  15 hobgoblins
  5 jackals
  17 kobolds
  7 quokkas
  5 giant newts
  10 goblins
  A goblin skeleton (D:12)
  2 goblin zombies (D:12)
  3 hobgoblin zombies (D:12)
  A jackal zombie (D:7)
  An orc skeleton (D:12)
  10 orc zombies (D:12)
  3 rats
276 creatures vanquished.

Notes
Turn   | Place    | Note
--------------------------------------------------------------
     0 | D:1      | Heskey the Gargoyle Fighter began the quest for the Orb.
     0 | D:1      | Reached XP level 1. HP: 14/14 MP: 1/1
   259 | D:1      | Reached XP level 2. HP: 14/19 MP: 2/2
   675 | D:1      | Reached XP level 3. HP: 24/24 MP: 3/3
  1331 | D:2      | Reached skill level 4 in Fighting
  1374 | D:2      | Reached XP level 4. HP: 29/29 MP: 4/4
  1562 | D:3      | Reached XP level 5. HP: 5/34 MP: 5/5
  1929 | D:3      | Found a bloodstained altar of Trog.
  2026 | D:3      | Noticed grippy's ghost (amateur SpWr)
  2027 | D:3      | Found a shadowy altar of Dithmenos.
  2028 | D:3      | Found an opulent altar of Gozag.
  2028 | D:3      | Found an iron altar of Okawaru.
  2028 | D:3      | Found a sparkling altar of Nemelex Xobeh.
  2462 | D:3      | Killed grippy's ghost
  2462 | D:3      | Reached skill level 5 in Fighting
  2462 | D:3      | Reached XP level 6. HP: 33/40 MP: 6/6
  2494 | D:3      | Found a stormy altar of Qazlal.
  2494 | D:3      | Found a blossoming altar of Fedhas.
  2505 | D:3      | Became a worshipper of Warmaster Okawaru
  2799 | D:4      | Found Elomyvi's Assorted Antiques.
  2891 | D:4      | Found a blossoming altar of Fedhas.
  3209 | D:4      | Reached skill level 1 in Invocations
  3290 | D:4      | Reached * piety under Okawaru
  3290 | D:4      | Reached XP level 7. HP: 14/45 MP: 6/8
  3794 | D:4      | Reached skill level 6 in Fighting
  3868 | D:4      | Noticed a hippogriff
  3876 | D:4      | Killed a hippogriff
  3876 | D:4      | Reached skill level 5 in Armour
  3885 | D:4      | Reached skill level 5 in Shields
  4020 | D:5      | Entered Level 5 of the Dungeon
  4263 | D:4      | Reached XP level 8. HP: 44/52 MP: 9/9
  4273 | D:5      | Found a staircase to the Ecumenical Temple.
  5145 | D:6      | Found a deep blue altar of Sif Muna.
  5333 | D:6      | Reached ** piety under Okawaru
  5333 | D:6      | Reached skill level 7 in Fighting
  6447 | D:7      | Reached skill level 5 in Maces & Flails
  6502 | D:7      | Identified a +2 pair of boots of running (You found it on level 7 of the Dungeon)
  6561 | D:7      | Found Doal's Gadget Shoppe.
  6635 | D:8      | Reached skill level 8 in Fighting
  6635 | D:8      | Reached XP level 9. HP: 55/59 MP: 9/11
  6713 | D:8      | Reached *** piety under Okawaru
  6744 | D:8      | Reached skill level 9 in Fighting
  7364 | D:8      | Noticed a two-headed ogre
  7370 | D:8      | Killed a two-headed ogre
  7384 | D:8      | Reached **** piety under Okawaru
  7392 | D:8      | Found Mupp's Gadget Shoppe.
  7788 | D:9      | Found a glowing golden altar of the Shining One.
  7818 | D:9      | Reached XP level 10. HP: 66/68 MP: 13/13
  7870 | D:9      | Reached skill level 10 in Fighting
  8173 | D:10     | Entered Level 10 of the Dungeon
  8443 | D:10     | Noticed a hill giant
  8464 | D:10     | Killed a hill giant
  8464 | D:10     | Reached ***** piety under Okawaru
  9132 | D:10     | Noticed a hill giant
  9143 | D:10     | Killed a hill giant
  9143 | D:10     | Reached skill level 11 in Fighting
  9474 | D:11     | Gained mutation: You are somewhat resistant to further mutation. [potion of mutation]
  9485 | D:11     | Noticed a seven-headed hydra
  9492 | D:11     | Noticed CollectiveS's ghost (journeyman DrSu)
  9825 | D:12     | Found a staircase to the Orcish Mines.
  9870 | D:12     | Reached XP level 11. HP: 72/74 MP: 14/14
  9901 | D:12     | Noticed an eight-headed hydra
  9913 | D:12     | Killed an eight-headed hydra
 10134 | D:12     | Noticed Urug
 10338 | D:11     | Killed CollectiveS's ghost
 10338 | D:11     | Reached skill level 12 in Fighting
 10765 | D:11     | Found a staircase to the Lair.
 10819 | D:11     | Noticed Erica
 10851 | D:11     | Killed Erica
 10851 | D:11     | Received a gift from Okawaru
 10946 | D:11     | Slain by a seven-headed hydra

Action                   |  1- 3 |  4- 6 |  7- 9 | 10-12 || total
-------------------------+-------+-------+-------+-------++-------
Melee: Flail             |   112 |   200 |    30 |       ||   342
       Morningstar       |       |       |   396 |   535 ||   931
Throw: Throwing net      |       |       |       |     1 ||     1
Invok: Heroism           |       |       |     2 |     5 ||     7
       Finesse           |       |       |       |     3 ||     3
Evoke: Wand              |       |       |       |     5 ||     5
  Use: Potion            |       |     2 |    12 |     5 ||    19
       Scroll            |       |       |     8 |     2 ||    10
 Stab: Held in net/web   |       |       |       |     1 ||     1
  Eat: Chunk             |     2 |     6 |    10 |     7 ||    25
       Meat ration       |       |       |     1 |     1 ||     2
       Beef jerky        |       |       |     1 |     2 ||     3
       Pizza             |       |       |       |     2 ||     2
       Bread ration      |       |       |       |     1 ||     1
